[Event "Team 45 45 League T50"]
[Site "Internet Chess Club"]
[Date "2011.09.17"]
[Round "6"]
[White "katikus"]
[Black "zap2"]
[Result "1/2-1/2"]
[WhiteElo "1755"]
[BlackElo "1792"]
[Opening "Caro-Kann: Panov-Botvinnik attack, 5...e6"]
[ECO "B14"]
[Time "09:00:28"]
[TimeControl "2700+45"]

1. e4 c6 2. d4 d5 3. exd5 cxd5 4. c4 Nf6 5. Nc3 e6 6. Nf3 Bb4 7. cxd5 Nxd5 8.
Qc2 Nc6 9. Bd3 h6 10. O-O O-O 11. a3 Be7 12. Re1 Bf6 13. Re4 a6 14. Bd2 b5 15.
Nxb5 Qb6 16. Rc1 Bb7 17. Nd6 Nxd4 18. Rxd4 Qxd6 19. Bb4 Nxb4 20. Rxd6 Nxc2 21.
Rxc2 Rfd8 22. Rxd8+ Rxd8 23. Be2 a5 24. Kf1 Be4 25. Rc4 Bd5 26. Rc5 Bxb2 27.
Rxa5 Rc8 28. Bd3 Rc3 29. Rb5 Rxd3 30. Rxb2 Bxf3 31. gxf3 Rxa3 32. Ke2 f5 33. Rb7
Kf8 34. Rd7 Ra4 35. Kf1 h5 36. Kg2 h4 37. Rb7 g5 38. Rh7 Rd4 39. Rh5 g4 40. fxg4
Rxg4+ 41. Kh3 Rf4 42. Rxh4 Rxf2 43. Kg3 Rf1 44. Kg2 Rd1 45. Rh7 Rd4 46. Kf3 Rg4
47. Rc7 Rg7 48. Rc5 Kf7 49. Rb5 Kf6 50. Rb6 Rg4 51. h3 Re4 52. Rc6 Kg5 53. Rc8
Ra4 54. Re8 Ra3+ 55. Kg2 Ra2+ 56. Kf3 Ra3+ 57. Kg2 Kf6 58. Rf8+ Kg5 59. Re8 Re3
60. Rg8+ Kf4 61. h4 Re2+ 62. Kg1 Kf3 63. h5 Re1+ 64. Kh2 f4 65. Rg5 Re2+ 66. Kh3
Re1 67. Kh2 Ra1 68. Re5 Ra8 69. Rxe6 Rh8 70. h6 Kf2 71. Rf6 f3 72. Kh3 Ke1 73.
Rxf3 Rxh6+ 74. Kg2 Rg6+ 75. Rg3 Rxg3+ 76. Kxg3 {Game drawn because neither
player has mating material} 1/2-1/2

[Event "Team 45 45 League T50"]
[Site "Internet Chess Club"]
[Date "2011.09.18"]
[Round "6"]
[White "Egmont"]
[Black "j65536d"]
[Result "1/2-1/2"]
[WhiteElo "1781"]
[BlackElo "1790"]
[Opening "Sicilian defense"]
[ECO "B20"]
[Time "12:00:42"]
[TimeControl "2700+45"]

1. e4 c5 2. d3 Nc6 3. Nf3 g6 4. g3 Bg7 5. Bg2 d6 6. Nbd2 Bd7 7. O-O e6 8. Nc4
Qc7 9. Bf4 e5 10. Bg5 h6 11. Bd2 f5 12. exf5 gxf5 13. Nh4 O-O-O 14. f4 Nge7 15.
a4 Bf6 16. fxe5 dxe5 17. Nf3 e4 18. dxe4 fxe4 19. Bf4 Be6 20. Bxc7 Rxd1 21.
Raxd1 exf3 22. Bxf3 Bxc4 23. Bg4+ Kxc7 24. Rxf6 Ne5 25. Bh3 N7c6 26. b3 Be2 27.
Rdd6 h5 28. Bg2 Rd8 29. Rxd8 Kxd8 30. Bxc6 Nxc6 31. Rd6+ Kc7 32. Rd2 Nd4 33. Kf2
Bg4 34. Ke3 Bf5 35. b4 b6 36. c3 Nc6 37. Rf2 Ne7 38. a5 Kd6 39. axb6 axb6 40.
Rd2+ Ke5 41. bxc5 bxc5 42. c4 Be6 43. Kd3 Nc6 44. Re2+ Kd6 45. Rf2 Ne5+ 46. Kc3
Ke7 47. Re2 Nxc4 48. Rxe6+ Kxe6 49. Kxc4 Kf5 50. h3 Ke4 51. g4 hxg4 52. hxg4 Kf4
53. Kxc5 Kxg4 {Game drawn because neither player has mating material} 1/2-1/2

[Event "Team 45 45 League T50"]
[Site "Internet Chess Club"]
[Date "2011.09.20"]
[Round "6"]
[White "BenjaminSisko"]
[Black "Bible-Believer"]
[Result "1/2-1/2"]
[WhiteElo "1455"]
[BlackElo "1446"]
[Opening "Scandinavian (center counter) defense"]
[ECO "B01"]
[Time "20:07:37"]
[TimeControl "2700+45"]

1. e4 d5 2. exd5 Qxd5 3. Nc3 Qa5 4. Nf3 Nf6 5. Bc4 Bf5 6. O-O e6 7. a3 c6 8. d3
Nbd7 9. h3 h6 10. Bf4 Be7 11. b4 Qd8 12. Ne5 Nxe5 13. Bxe5 O-O 14. Re1 Bd6 15.
Bxd6 Qxd6 16. Ne4 Qd4 17. Qe2 Rab8 18. Qe3 Rfd8 19. Nxf6+ Qxf6 20. Qxa7 Qc3 21.
Qe3 Qxc2 22. Rec1 Qb2 23. Ra2 Qd4 24. Qxd4 Rxd4 25. Rd2 Rbd8 26. Rcd1 b5 27. Bb3
Rxd3 28. Rxd3 Rxd3 29. Rxd3 Bxd3 30. f3 Kf8 31. Kf2 Ke7 32. Ke3 Bf1 33. Kf2 Bd3
34. Ke3 Bf1 35. Kf2 Bd3 {Game drawn by repetition} 1/2-1/2

[Event "Team 45 45 League T50"]
[Site "Internet Chess Club"]
[Date "2011.09.16"]
[Round "6"]
[White "Xanther"]
[Black "FractalDante"]
[Result "1-0"]
[WhiteElo "1532"]
[BlackElo "1503"]
[Opening "Sicilian: Alapin's variation (2.c3)"]
[ECO "B22"]
[Time "20:00:37"]
[TimeControl "2700+45"]

1. e4 c5 2. c3 g6 3. d4 cxd4 4. cxd4 d5 5. e5 Bg7 6. Nf3 Nc6 7. Nc3 f6 8. Bb5 a6
9. Bxc6+ bxc6 10. O-O Nh6 11. exf6 exf6 12. Re1+ Kf7 13. Qa4 Bd7 14. Qb4 Re8 15.
Bf4 Bf8 16. Qb7 Kg8 17. Rxe8 Qxe8 18. Na4 Qc8 19. Qxc8 Bxc8 20. Nb6 Bb7 21. Nxa8
Bxa8 22. Rc1 Nf5 23. g4 Nd6 24. Bxd6 Bxd6 25. Kf1 Kg7 26. Ke2 {Black resigns}
1-0

[Event "Team 45 45 League T50"]
[Site "Internet Chess Club"]
[Date "2011.09.17"]
[Round "6"]
[White "KnightOfCydonia"]
[Black "redboot"]
[Result "0-1"]
[WhiteElo "1663"]
[BlackElo "1692"]
[Opening "French: Winawer, Alekhine gambit, Kan variation"]
[ECO "C15"]
[Time "12:00:27"]
[TimeControl "2700+45"]

1. e4 e6 2. d4 d5 3. Nc3 Bb4 4. Ne2 dxe4 5. a3 Bxc3+ 6. Nxc3 Nc6 7. Bb5 Ne7 8.
O-O O-O 9. Nxe4 Qxd4 10. Bxc6 Qxd1 11. Rxd1 Nxc6 12. b4 a6 13. c4 e5 14. Bb2 Bf5
15. Nc5 b6 16. Nd7 Rfe8 17. Rd2 f6 18. Rad1 Kf7 19. b5 Na5 20. c5 Nc4 21. Re2
axb5 22. cxb6 cxb6 23. a4 bxa4 24. Ba1 Red8 25. Nxe5+ Nxe5 26. Rxd8 Rxd8 {White
resigns} 0-1

[Event "Team 45 45 League T50"]
[Site "Internet Chess Club"]
[Date "2011.09.17"]
[Round "6"]
[White "powerchess1"]
[Black "BrianWood"]
[Result "1-0"]
[WhiteElo "1601"]
[BlackElo "1445"]
[Opening "Catalan: closed, 5.Nf3"]
[ECO "E06"]
[Time "19:01:17"]
[TimeControl "2700+45"]

1. d4 Nf6 2. c4 e6 3. g3 d5 4. Bg2 Be7 5. Nf3 O-O 6. Qc2 Nc6 7. a3 dxc4 8. Qxc4
Na5 9. Qc3 Qd5 10. O-O Nb3 11. Ne5 Nxd4 12. Qe3 Qd6 13. Nc4 Qc5 14. Qd3 Rd8 15.
Be3 Qf5 16. Qxf5 Nxf5 17. Bf4 Nd6 18. Na5 Rb8 19. Nd2 Nfe8 20. Rac1 g5 21. Be3
Nb5 22. Ndb3 h6 23. a4 Nbd6 24. Bxa7 Ra8 25. Bc5 Rb8 26. Bd4 Nf5 27. Be5 Bd6 28.
Bxd6 Nfxd6 29. Rfd1 Rd7 30. Nc5 Re7 31. Ncxb7 Rd7 32. Nxd6 Nxd6 33. b3 Ne8 34.
Bc6 Rxd1+ 35. Rxd1 Nd6 36. e4 Bb7 37. Nxb7 Nxb7 38. Bxb7 Rxb7 39. Rb1 Kf8 40. a5
Ke8 41. b4 Kd8 42. b5 Kc8 43. a6 Ra7 44. f3 c5 45. Rc1 Kc7 46. Rxc5+ Kb6 47. Re5
Re7 48. Kf2 f6 49. a7 Kxa7 50. Rc5 Kb6 51. Rc8 Kxb5 52. Rh8 Rf7 53. Rxh6 Kc5 54.
h4 gxh4 55. Rxh4 Kd4 56. Rh6 Ke5 57. Ke3 Kd6 58. f4 Ke7 59. g4 Rg7 60. Kf3 Kf7
61. Rh8 Rg8 62. Rxg8 Kxg8 63. Ke3 Kg7 64. Kd4 Kf7 65. e5 Kg6 66. exf6 Kxf6 67.
Ke4 Kg7 68. Ke5 Kf7 69. g5 {Black resigns} 1-0

[Event "Team 45 45 League T50"]
[Site "Internet Chess Club"]
[Date "2011.09.17"]
[Round "6"]
[White "chekbouncer"]
[Black "julesraider"]
[Result "1-0"]
[WhiteElo "1489"]
[BlackElo "1524"]
[Opening "French: exchange variation"]
[ECO "C01"]
[Time "22:03:24"]
[TimeControl "2700+45"]

1. e4 e6 2. d4 d5 3. exd5 exd5 4. Nf3 Bg4 5. Be2 Bd6 6. Nc3 Ne7 7. Bg5 Nbc6 8.
Nxd5 O-O 9. O-O f6 10. Nxe7+ Qxe7 11. Re1 Qd7 12. Be3 Rad8 13. c3 Ne7 14. Ne5
Bxe2 15. Qb3+ Bc4 16. Qxc4+ Kh8 17. Nxd7 Rxd7 18. Qe6 Rdd8 19. c4 Ng6 20. c5
Rfe8 21. Qg4 Bf8 22. Bd2 Be7 23. Re2 Rd5 24. Rae1 Red8 25. Bc3 f5 26. Qf3 Kg8
27. Rxe7 Nxe7 28. Rxe7 c6 29. Qg3 g6 30. Qc7 R5d7 31. Rxd7 {Black resigns} 1-0

[Event "Team 45 45 League T50"]
[Site "Internet Chess Club"]
[Date "2011.09.19"]
[Round "6"]
[White "TerryMalloy"]
[Black "SlimeDog2"]
[Result "0-1"]
[WhiteElo "1947"]
[BlackElo "2088"]
[Opening "Grünfeld defense"]
[ECO "D80"]
[Time "21:03:01"]
[TimeControl "2700+45"]

1. d4 Nf6 2. c4 g6 3. Nc3 d5 4. e3 Bg7 5. Qb3 e6 6. Qa3 Nc6 7. Nf3 Ne7 8. Bd2
O-O 9. Rc1 Ne4 10. Bd3 f5 11. O-O Nxd2 12. Nxd2 f4 13. cxd5 exd5 14. e4 dxe4 15.
Bxe4 c6 16. Rfd1 Be6 17. Nf3 Nd5 18. Bxd5 Bxd5 19. Nxd5 Qxd5 20. Re1 Rf7 21. Ne5
Rf5 22. Qe7 Rd8 23. Qxb7 Rg5 24. g3 fxg3 25. hxg3 Qxd4 26. Qf7+ Kh8 27. Nf3
Rxg3+ 28. Kf1 Qd3+ 29. Re2 Rxf3 {White resigns} 0-1

[Event "Team 45 45 League T50"]
[Site "Internet Chess Club"]
[Date "2011.09.16"]
[Round "6"]
[White "bondguy01"]
[Black "Warpdrive"]
[Result "1-0"]
[WhiteElo "1701"]
[BlackElo "1621"]
[Opening "Caro-Kann: classical, 6.h4"]
[ECO "B19"]
[Time "20:01:39"]
[TimeControl "2700+45"]

1. e4 c6 2. d4 d5 3. Nc3 dxe4 4. Nxe4 Bf5 5. Ng3 Bg6 6. h4 h6 7. Nf3 e6 8. Ne5
Bh7 9. Bd3 Bxd3 10. Qxd3 Nd7 11. f4 Nxe5 12. fxe5 Ne7 13. Bd2 Nd5 14. a3 Be7 15.
O-O-O Qb6 16. Nh5 Rg8 17. Rdf1 O-O-O 18. Rxf7 Rdf8 19. Rhf1 Qd8 20. g3 Nc7 21.
Rxf8 Rxf8 22. Rxf8 Qxf8 23. Nf4 g5 24. Ng6 Qf7 25. Nxe7+ Qxe7 26. hxg5 hxg5 27.
Qg6 Qf8 28. Qf6 Qxf6 29. exf6 Kd8 30. Bxg5 Ke8 31. c4 Kf7 32. Kc2 Ne8 33. Kd3
Nxf6 34. Bxf6 Kxf6 35. Ke4 a5 36. b4 axb4 37. axb4 b5 38. cxb5 cxb5 39. g4
{Black resigns} 1-0

[Event "Team 45 45 League T50"]
[Site "Internet Chess Club"]
[Date "2011.09.17"]
[Round "6"]
[White "BotanicalKnight"]
[Black "Buford-Julep"]
[Result "0-1"]
[WhiteElo "1558"]
[BlackElo "1723"]
[Opening "French: Labourdonnais variation"]
[ECO "C00"]
[Time "10:35:04"]
[TimeControl "2700+45"]

1. e4 e6 2. f4 d5 3. e5 c5 4. d3 Nc6 5. g3 Nh6 6. Bg2 f6 7. exf6 Qxf6 8. Nf3 Bd6
9. Nc3 a6 10. a3 O-O 11. O-O b5 12. h3 Nf5 13. Qe1 Bb7 14. Ne2 Rae8 15. g4 Nfd4
16. Nexd4 Nxd4 17. Nxd4 Qxd4+ 18. Qe3 Qf6 19. g5 Qf5 20. Qg3 e5 21. fxe5 Qxe5
22. Qxe5 Rxf1+ 23. Kxf1 Bxe5 24. c3 Bc8 25. Bxd5+ Be6 26. Bxe6+ Rxe6 27. Bd2 Bg3
28. Be1 Re3 29. Bf2 Rf3 30. Kg2 Rxf2+ 31. Kxg3 Rxb2 32. a4 Rb3 33. axb5 axb5 34.
Rc1 b4 35. cxb4 Rxd3+ 36. Kf4 cxb4 37. Rb1 Rxh3 38. Kf5 b3 39. Kg4 Rc3 40. Kf5
Kf7 41. Rb2 Rc5+ 42. Kg4 Rb5 43. Kf4 Kg6 {White resigns} 0-1

[Event "Team 45 45 League T50"]
[Site "Internet Chess Club"]
[Date "2011.09.18"]
[Round "6"]
[White "randallsr"]
[Black "check-man"]
[Result "0-1"]
[WhiteElo "1690"]
[BlackElo "1828"]
[Opening "Réti opening"]
[ECO "A05"]
[Time "09:02:05"]
[TimeControl "2700+45"]

1. Nf3 Nf6 2. b3 d5 3. Bb2 e6 4. g3 Bd6 5. Bg2 O-O 6. d3 c5 7. Nbd2 Nc6 8. O-O
e5 9. e4 d4 10. Nc4 Qe7 11. Nxd6 Qxd6 12. a3 Rb8 13. Bc1 h6 14. Kh1 Be6 15. Ng1
b5 16. f4 c4 17. fxe5 Nxe5 18. Rxf6 gxf6 19. Bxh6 Ng4 20. Bf4 Nf2# {White
checkmated} 0-1

[Event "Team 45 45 League T50"]
[Site "Internet Chess Club"]
[Date "2011.09.20"]
[Round "6"]
[White "imawesome"]
[Black "Goli"]
[Result "0-1"]
[WhiteElo "1850"]
[BlackElo "1838"]
[Opening "Robatsch (modern) defense"]
[ECO "B06"]
[Time "16:15:30"]
[TimeControl "2700+45"]

1. e4 g6 2. d4 Bg7 3. Nc3 d6 4. Bc4 Nf6 5. f3 O-O 6. Be3 Nc6 7. a3 e5 8. Nge2 a6
9. Qd2 b5 10. Ba2 exd4 11. Nxd4 Nxd4 12. Bxd4 Be6 13. Bxe6 fxe6 14. O-O-O e5 15.
Be3 Qe8 16. Nd5 Nxd5 17. Qxd5+ Qf7 18. Qc6 Qa2 19. Qc3 a5 20. Kd2 Qf7 21. Ke2
Rfb8 {White disconnected and forfeits} 0-1

[Event "Team 45 45 League T50"]
[Site "Internet Chess Club"]
[Date "2011.09.17"]
[Round "6"]
[White "justice02"]
[Black "ryan2chess"]
[Result "1/2-1/2"]
[WhiteElo "1813"]
[BlackElo "1863"]
[Opening "Réti opening"]
[ECO "A30"]
[Time "14:01:14"]
[TimeControl "2700+45"]

1. Nf3 c5 2. c4 g6 3. e3 Bg7 4. d4 Nf6 5. Nc3 O-O 6. Bd3 cxd4 7. exd4 d5 8. cxd5
Nxd5 9. O-O Nc6 10. Be4 e6 11. Nxd5 exd5 12. Bc2 Bg4 13. Be3 Bxf3 14. gxf3 Qb6
15. Qd2 Nxd4 16. Bxd4 Bxd4 17. Rfd1 Bc5 18. Bb3 d4 19. Qd3 Qf6 20. Rac1 b6 21.
Kh1 Rae8 22. Rg1 Bd6 23. Rg2 Kg7 24. Rg4 Qe5 25. Qxd4 Qxd4 26. Rxd4 Be5 27. Rd7
a5 28. Rc6 Bxb2 29. Rxb6 Re2 30. Kg2 Bc1 31. Kf1 Rd2 32. Ra7 Bb2 33. Rbb7 {Game
drawn by mutual agreement} 1/2-1/2

[Event "Team 45 45 League T50"]
[Site "Internet Chess Club"]
[Date "2011.09.18"]
[Round "6"]
[White "anna"]
[Black "qs16"]
[Result "0-1"]
[WhiteElo "1610"]
[BlackElo "1780"]
[Opening "Sicilian: Alapin's variation (2.c3)"]
[ECO "B22"]
[Time "16:00:52"]
[TimeControl "2700+45"]

1. e4 c5 2. c3 Nf6 3. e5 Nd5 4. d4 cxd4 5. Qxd4 e6 6. Nf3 Nc6 7. Qe4 d6 8. Bb5
a6 9. Bxc6+ bxc6 10. c4 Nb4 11. a3 d5 12. Qe2 Qa5 13. Bd2 Nc2+ 14. Kf1 Qb6 15.
Ra2 Nd4 16. Qe3 c5 17. cxd5 Qb5+ 18. Kg1 Ne2+ 19. Kf1 Ng3+ 20. Ke1 Nxh1 21. d6
g6 22. Qg5 Bb7 23. Nh4 Qb6 24. Qe3 Qc6 25. Nc3 Bg7 26. Kf1 O-O 27. Kg1 Nxf2 28.
Kxf2 Rac8 29. Ra1 c4 30. Qh3 Bxe5 31. Nf3 Qxd6 32. Ng5 Qxd2+ {White resigns} 0-1

[Event "Team 45 45 League T50"]
[Site "Internet Chess Club"]
[Date "2011.09.20"]
[Round "6"]
[White "Freitac"]
[Black "vael"]
[Result "1/2-1/2"]
[WhiteElo "1853"]
[BlackElo "1722"]
[Opening "King's Indian: Sämisch, orthodox, 7.Nge2 c6"]
[ECO "E86"]
[Time "18:30:07"]
[TimeControl "2700+45"]

1. d4 Nf6 2. c4 g6 3. Nc3 Bg7 4. e4 d6 5. f3 O-O 6. Be3 e5 7. Nge2 c6 8. Qd2
Nbd7 9. O-O-O a6 10. Kb1 b5 11. d5 cxd5 12. Nxd5 Nxd5 13. Qxd5 Nb6 14. Bxb6 Qxb6
15. Qxd6 {Game drawn by mutual agreement} 1/2-1/2

[Event "Team 45 45 League T50"]
[Site "Internet Chess Club"]
[Date "2011.09.20"]
[Round "6"]
[White "FlyingTiger"]
[Black "Sir-Sinister"]
[Result "0-1"]
[WhiteElo "1817"]
[BlackElo "1847"]
[Opening "Scotch gambit: Dubois-Réti defense"]
[ECO "C55"]
[Time "19:16:37"]
[TimeControl "2700+45"]

1. e4 Nc6 2. Nf3 e5 3. d4 exd4 4. Bc4 Nf6 5. e5 d5 6. Bb5 Ne4 7. Nxd4 Bd7 8.
Bxc6 bxc6 9. O-O Bc5 10. f3 Ng5 11. f4 Ne6 12. c3 Bb6 13. f5 Nxd4 14. cxd4 Qe7
15. f6 Qb4 16. fxg7 Qxd4+ 17. Kh1 Rg8 18. Qf3 Be6 19. Qf6 Bc5 20. Bg5 Qxb2 21.
Nd2 Qa3 22. Qh6 Kd7 23. Rf3 Qb2 24. Nb3 Bb6 25. Rc1 Rae8 26. Rfc3 Kc8 27. Nc5
Ba5 28. Rb3 Qxe5 29. Bf6 Qf5 30. Rcb1 Bb6 31. Bd4 Bxc5 32. Bxc5 d4 33. Rb7 Qxc5
34. Rb8+ Kd7 35. Rxe8 Rxe8 36. Qxh7 Qf5 37. Qxf5 Bxf5 38. Rf1 Bg6 39. h4 Rg8 40.
Rf4 d3 41. Kg1 c5 42. Kf2 Rxg7 43. Rg4 Rh7 44. g3 d2 {White resigns} 0-1

[Event "Team 45 45 League T50"]
[Site "Internet Chess Club"]
[Date "2011.09.19"]
[Round "6"]
[White "MasterOfTheKeys"]
[Black "quotha"]
[Result "0-1"]
[WhiteElo "1585"]
[BlackElo "1723"]
[Opening "Philidor: exchange variation"]
[ECO "C41"]
[Time "18:16:13"]
[TimeControl "2700+45"]

1. e4 e5 2. Nf3 d6 3. d4 exd4 4. Nxd4 Be7 5. Nc3 Nf6 6. Bc4 O-O 7. f3 a6 8. Be3
c6 9. Bb3 Nbd7 10. Qd2 Nc5 11. g4 Qc7 12. h4 Nxb3 13. cxb3 d5 14. g5 Nh5 15.
O-O-O c5 16. Nxd5 Qd8 17. Nxe7+ Qxe7 18. Nf5 Bxf5 19. exf5 Qe5 20. f6 Ng3 21.
Bf4 Ne2+ 22. Kb1 Nxf4 23. Rde1 Qf5+ 24. Ka1 Rfd8 25. Qe3 Ng2 26. Qe4 Qxe4 27.
Rxe4 Rd4 28. Re7 Rad8 29. a3 b5 30. Ka2 Nxh4 31. Rhe1 Kf8 32. fxg7+ Kxg7 33. Ra7
Nxf3 34. Ree7 Nxg5 35. Rxa6 R8d6 36. Ra5 Ne6 37. Rxb5 h5 38. Rbb7 Rf4 39. a4 h4
40. Re8 Rd5 41. Rxe6 h3 42. Re2 Rg5 43. Rh2 Rf3 44. Rd7 Rg2 45. Rd2 Rxd2 46.
Rxd2 Re3 47. Rh2 Kg6 48. a5 Kg5 49. Rc2 Kg4 50. Rxc5 h2 51. a6 h1=Q 52. a7 Re1
53. b4 Ra1+ 54. Kb3 Rxa7 55. Rc4+ Kg5 56. Rc5+ f5 57. Rc8 Qd5+ 58. Kc3 Re7 59.
b3 Re3+ {White resigns} 0-1

[Event "Team 45 45 League T50"]
[Site "Internet Chess Club"]
[Date "2011.09.15"]
[Round "6"]
[White "achessman"]
[Black "jjmolina"]
[Result "1/2-1/2"]
[WhiteElo "1938"]
[BlackElo "1799"]
[Opening "Ruy Lopez: Worrall attack, sharp line"]
[ECO "C86"]
[Time "16:00:20"]
[TimeControl "2700+45"]

1. e4 e5 2. Nf3 Nc6 3. Bb5 a6 4. Ba4 Nf6 5. O-O Be7 6. Qe2 b5 7. Bb3 O-O 8. c3
d6 9. a4 Bg4 10. h3 Na5 11. Bc2 Be6 12. Re1 Nb3 13. Bxb3 Bxb3 14. axb5 axb5 15.
Rxa8 Qxa8 16. d4 Bc4 17. Qc2 exd4 18. cxd4 Qa4 19. Qxa4 bxa4 20. Nc3 Ra8 21. Bf4
Kf8 22. Ra1 Bb3 23. Nd2 Bc2 24. f3 c5 25. Nb5 cxd4 26. Nxd4 Bd3 27. b3 a3 28.
Nc4 d5 29. Nb6 Ra7 30. Nxd5 Nxd5 31. exd5 a2 32. Bc1 Bb1 33. Bb2 Bc5 34. Kf1
Bxd4 35. Bxd4 Rd7 36. Bc5+ Ke8 37. d6 Rb7 38. b4 Kd7 {Game drawn by mutual
agreement} 1/2-1/2

[Event "Team 45 45 League T50"]
[Site "Internet Chess Club"]
[Date "2011.09.18"]
[Round "6"]
[White "IceBox"]
[Black "BigH"]
[Result "0-1"]
[WhiteElo "1759"]
[BlackElo "1962"]
[Opening "Old Benoni defense"]
[ECO "A43"]
[Time "10:02:25"]
[TimeControl "2700+45"]

1. d4 c5 2. c3 g6 3. Nf3 Bg7 4. g3 b6 5. Bg2 Bb7 6. O-O Nf6 7. Qb3 Ne4 8. Nbd2
O-O 9. Nxe4 Bxe4 10. Rd1 d6 11. Nh4 Bxg2 12. Nxg2 Nd7 13. e4 Qc7 14. Be3 Nf6 15.
f3 e6 16. Rac1 c4 17. Qc2 d5 18. e5 Nd7 19. Qd2 Rfb8 20. Bh6 Bh8 21. Re1 b5 22.
Ne3 a5 23. Ng4 b4 24. Nf6+ Nxf6 25. exf6 Qd8 26. Rxe6 fxe6 27. f7+ Kxf7 28. Qf4+
Qf6 29. Qc7+ Qe7 30. Qf4+ Kg8 31. Bg5 Qf7 32. Qd6 Bf6 33. Bh6 bxc3 34. bxc3 Qe7
35. Qc6 Rc8 {White resigns} 0-1

[Event "Team 45 45 League T50"]
[Site "Internet Chess Club"]
[Date "2011.09.18"]
[Round "6"]
[White "adrianelpirata"]
[Black "beitmery"]
[Result "1-0"]
[WhiteElo "1628"]
[BlackElo "1558"]
[Opening "French: exchange variation"]
[ECO "C01"]
[Time "16:11:59"]
[TimeControl "2700+45"]

1. e4 e6 2. d4 d5 3. exd5 exd5 4. Bd3 Nf6 5. Ne2 c5 6. dxc5 Bxc5 7. O-O O-O 8.
Nbc3 Bg4 9. Bg5 Qd6 10. Bxf6 Qxf6 11. Nxd5 Qe5 12. h3 Bd6 13. g3 Bxh3 14. Re1
Qxb2 15. Nec3 Qa3 16. Qh5 g6 17. Qxh3 Qc5 18. Nf6+ Kg7 19. Qxh7+ Kxf6 20. Ne4+
{Black resigns} 1-0

[Event "Team 45 45 League T50"]
[Site "Internet Chess Club"]
[Date "2011.09.19"]
[Round "6"]
[White "RamRock"]
[Black "Dave10"]
[Result "1-0"]
[WhiteElo "1751"]
[BlackElo "1574"]
[Opening "Ruy Lopez: Treybal (Bayreuth) variation (exchange var. deferred)"]
[ECO "C77"]
[Time "20:00:41"]
[TimeControl "2700+45"]

1. e4 e5 2. Nf3 Nc6 3. Bb5 a6 4. Ba4 Nf6 5. Bxc6 dxc6 6. d3 Bg4 7. Nbd2 Bd6 8.
Nc4 b5 9. Ne3 Qd7 10. Bd2 a5 11. Bc3 b4 12. Bd2 O-O 13. h3 Bh5 14. Nc4 Qe6 15.
Qe2 h6 16. Ne3 Nh7 17. Nf5 Bg6 18. g4 h5 19. N3h4 Qf6 20. O-O-O hxg4 21. Rdg1
Bxf5 22. Nxf5 Ng5 23. Rxg4 Ne6 24. Rhg1 g6 25. Rh4 Rfb8 26. Qh5 {Black resigns}
1-0

[Event "Team 45 45 League T50"]
[Site "Internet Chess Club"]
[Date "2011.09.14"]
[Round "6"]
[White "monkeyshark"]
[Black "Portola"]
[Result "0-1"]
[WhiteElo "1520"]
[BlackElo "1782"]
[Opening "French: Rubinstein variation"]
[ECO "C10"]
[Time "20:00:38"]
[TimeControl "2700+45"]

1. e4 e6 2. d4 d5 3. Nc3 dxe4 4. Nxe4 Be7 5. Nf3 Nd7 6. Be2 Ngf6 7. Ng3 b6 8.
O-O Bb7 9. Be3 O-O 10. c3 c5 11. Qc2 Qc7 12. Rad1 Rad8 13. Rd2 h6 14. h3 Nd5 15.
Qd3 f5 16. Bxh6 gxh6 17. Nh5 Nf4 18. Nxf4 Qxf4 19. Qe3 Qxe3 20. fxe3 Bxf3 21.
Rxf3 Bg5 22. Rg3 Kh8 23. Bd3 f4 24. exf4 Bxf4 25. Re2 Bxg3 26. Rxe6 Nf6 {White
resigns} 0-1

[Event "Team 45 45 League T50"]
[Site "Internet Chess Club"]
[Date "2011.09.18"]
[Round "6"]
[White "fileman"]
[Black "DarkFlow"]
[Result "1-0"]
[WhiteElo "1902"]
[BlackElo "1892"]
[Opening "KGD: classical variation"]
[ECO "C30"]
[Time "04:03:50"]
[TimeControl "2700+45"]

1. e4 e5 2. f4 Bc5 3. Nf3 d6 4. Nc3 Nf6 5. Bc4 Nc6 6. d3 Bg4 7. Na4 Bb6 8. Nxb6
axb6 9. c3 O-O 10. O-O exf4 11. Bxf4 Nh5 12. Be3 Ne5 13. Bb3 Kh8 14. Qd2 Nxf3+
15. gxf3 Be6 16. Kh1 Bxb3 17. axb3 Qf6 18. f4 Qh4 19. Rxa8 Rxa8 20. Qg2 Qe7 21.
Qg5 Qxg5 22. fxg5 Kg8 23. Kg2 Ra2 24. Rf2 g6 25. c4 Ng7 26. d4 Ne6 27. b4 c5 28.
d5 Nc7 29. e5 dxe5 30. bxc5 bxc5 31. Bxc5 e4 32. Ba3 f5 33. gxf6 Kf7 34. d6 Ne6
35. d7 Ra1 36. Rd2 e3 37. d8=Q Nxd8 38. Rxd8 Kxf6 39. Kf3 Rh1 40. Rd7 e2 41.
Kxe2 Rxh2+ 42. Kf3 {Black resigns} 1-0

[Event "Team 45 45 League T50"]
[Site "Internet Chess Club"]
[Date "2011.09.17"]
[Round "6"]
[White "BTop"]
[Black "fireball"]
[Result "1-0"]
[WhiteElo "1632"]
[BlackElo "1665"]
[Opening "English opening"]
[ECO "A10"]
[Time "07:17:21"]
[TimeControl "2700+45"]

1. c4 g5 2. d4 Bg7 3. Nc3 c5 4. Bxg5 cxd4 5. Nd5 Nc6 6. Nf3 f6 7. Bh4 e6 8. Nf4
e5 9. Nd5 d6 10. e3 dxe3 11. Nxe3 Be6 12. Bd3 Qd7 13. a3 O-O-O 14. Rc1 Nge7 15.
Qc2 f5 16. Ng5 h6 17. Nxe6 Qxe6 18. Bxe7 Nxe7 19. Nxf5 Qf6 20. Nxe7+ Qxe7 21. c5
Kb8 22. O-O d5 23. Bf5 e4 24. c6 Qc7 25. cxb7 Qxc2 26. Rxc2 Kxb7 27. Rfc1 Be5
28. Rc5 Bxb2 29. Rb1 Kb6 30. Rc2 Rhf8 31. Rcxb2+ Kc7 32. Bg4 Rf6 33. Rb7+ Kd6
34. Rxa7 Ke5 35. h3 Rg6 36. Re7+ Kd4 37. Rd1+ Kc3 38. Rc7+ Kb3 39. Rb1+ Ka2 40.
Rcb7 d4 41. a4 d3 42. a5 d2 43. Rd1 Rc6 44. Rd7 Rxd7 45. Bxd7 Rc1 46. Bg4 Kb2
47. a6 Kc3 48. Kf1 Rc2 49. Ke2 Ra2 50. Bc8 Ra5 51. Rxd2 {Black resigns} 1-0

[Event "Team 45 45 League T50"]
[Site "Internet Chess Club"]
[Date "2011.09.17"]
[Round "6"]
[White "LoseOften"]
[Black "pishd"]
[Result "0-1"]
[WhiteElo "1709"]
[BlackElo "1728"]
[Opening "Caro-Kann: Tartakower (Nimzovich) variation"]
[ECO "B15"]
[Time "09:12:31"]
[TimeControl "2700+45"]

1. e4 c6 2. d4 d5 3. Nc3 dxe4 4. Nxe4 Nf6 5. Nxf6+ exf6 6. c3 Bd6 7. Bd3 O-O 8.
Ne2 Re8 9. Qc2 h6 10. O-O Qc7 11. g3 Bh3 12. Re1 Nd7 13. Bf4 Re7 14. Bxd6 Qxd6
15. Nf4 Bg4 16. Qd2 Rae8 17. Rxe7 Rxe7 18. Re1 Nb6 19. h3 Bc8 20. Kg2 Qd7 21.
Rxe7 Qxe7 22. Qe2 Qxe2 23. Nxe2 Be6 24. b3 Nd5 25. c4 Ne7 26. Nf4 Bf5 27. Bxf5
Nxf5 28. d5 cxd5 29. cxd5 Nd4 30. Kf1 Kf8 31. Ne2 Nf3 32. Kg2 Ne1+ 33. Kf1 Nf3
34. Nc3 Ke7 35. Ke2 Ng1+ 36. Ke3 Nxh3 37. Kd4 Nxf2 38. Nb5 a6 39. Na7 h5 40. Kc5
Ne4+ 41. Kb6 Nxg3 42. Kc7 Ne4 43. Nc8+ Kf8 44. Nd6 Nc3 45. Nxb7 Nxd5+ 46. Kd6
Nb4 47. a3 h4 48. Nc5 h3 49. Ne4 h2 50. Nf2 Nc2 51. a4 g5 52. Kc5 g4 53. b4 g3
{White resigns} 0-1

[Event "Team 45 45 League T50"]
[Site "Internet Chess Club"]
[Date "2011.09.16"]
[Round "6"]
[White "losscause"]
[Black "hcube"]
[Result "1/2-1/2"]
[WhiteElo "1611"]
[BlackElo "1643"]
[Opening "Benoni defense"]
[ECO "A61"]
[Time "21:01:39"]
[TimeControl "2700+45"]

1. d4 Nf6 2. Nf3 c5 3. d5 e6 4. c4 exd5 5. cxd5 d6 6. Nc3 g6 7. h3 Bg7 8. e4 a6
9. a4 O-O 10. Bd3 Re8 11. O-O Qc7 12. Re1 Nfd7 13. Bf4 f6 14. Qc1 Ne5 15. Nxe5
fxe5 16. Bh6 Rf8 17. Bxg7 Kxg7 18. Re3 Qf7 19. Rf3 Qe7 20. Rxf8 Qxf8 21. Qe3 Nd7
22. Rf1 Qe7 23. b3 Nf8 24. f4 exf4 25. Qxf4 Bd7 26. Be2 Re8 27. Bg4 Bxg4 28.
hxg4 Nd7 29. g5 Rf8 30. Qg3 Rxf1+ 31. Kxf1 Qe5 32. Qe3 {Game drawn by mutual
agreement} 1/2-1/2